 Dungeon Crawl Stone Soup version 0.28-a0-863-g8cecda6153 (webtiles) character file.

Game seed: 1324128282894129344

9019 mcbry74 the Grappler (level 11, -3/94 HPs)
             Began as a Troll Gladiator on Nov 18, 2021.
             Was a High Priest of the Shining One.
             Slain by a ten-headed hydra (12 damage)
             ... on level 1 of the Lair of Beasts.
             The game lasted 00:45:23 (8117 turns).

mcbry74 the Grappler (Troll Gladiator)              Turns: 8117, Time: 00:45:23

Health: -3/94      AC: 11    Str: 24    XL:     11   Next: 17%
Magic:  0/15       EV: 10    Int:  4    God:    the Shining One [*****.]
Gold:   225        SH:  0    Dex: 14    Spells: 9/10 levels left

rFire   . . .      SeeInvis .     - Unarmed
rCold   . . .      Faith    .   (no shield)
rNeg    + + +      Spirit   +   I - +0 acid dragon scales
rPois   .          Reflect  .   y - +2 hat of Courage {+Inv rN+ Stlth+}
rElec   .          Harm     .   A - +0 cloak
rCorr   +          Rampage  .   (gloves unavailable)
Will    .....                   (boots unavailable)
Stlth   +.........              d - amulet of guardian spirit
HPRegen 1.25/turn               (no ring)
MPRegen 0.14/turn               (no ring)

@: glowing
A: large, unfitting armour, claws 3, regeneration 1, shaggy fur 1, tough skin 1
a: Renounce Religion, Evoke Invisibility, Divine Shield, Cleansing Flame, Summon
Divine Warrior


You were on level 1 of the Lair of Beasts.
You worshipped the Shining One.
The Shining One was extremely pleased with you.
You visited 2 branches of the dungeon, and saw 12 of its levels.
You also visited: Ossuary.

You collected 716 gold pieces.
You spent 491 gold pieces at shops.

Inventory:

Hand Weapons
 v - a +1 giant club of venom
 F - the +5 whip "Giantslayer" {vorpal, rPois SInv}
   (You found it on level 8 of the Dungeon)

   It inflicts extra damage upon your enemies.
   rPois:     It protects you from poison.
   SInv:      It lets you see invisible.
Missiles
 c - 2 throwing nets
 k - 62 stones
 r - 6 boomerangs of dispersal
Armour
 y - the +2 hat of Courage (worn) {+Inv rN+ Stlth+}
   (You bought it in a shop on level 6 of the Dungeon)

   rN:        It protects you from negative energy.
   +Inv:      It lets you turn invisible.
   Stlth:     It makes you more stealthy.
 A - a +0 cloak (worn)
 I - +0 acid dragon scales (worn)
Jewellery
 d - an amulet of guardian spirit (around neck)
 s - a ring of flight
Wands
 a - a wand of digging (4)
 e - a wand of charming (12) (quivered)
 w - a wand of acid (11)
 C - a wand of flame (10)
 K - a wand of iceblast (16)
Scrolls
 g - 3 scrolls of vulnerability
 h - 2 scrolls of teleportation
 i - 3 scrolls of holy word
 m - 2 scrolls of immolation
 p - 2 scrolls of fog
 q - 2 scrolls of enchant armour {unknown}
 B - a scroll of torment {unknown}
 M - a scroll of blinking {unknown}
Potions
 f - 7 potions of curing
 n - 5 potions of heal wounds
 o - a potion of mutation
 x - 4 potions of flight
 D - 2 potions of lignification
 G - 2 potions of might
 H - a potion of haste
 J - a potion of resistance {unknown}


   Skills:
 + Level 2.4 Fighting
 + Level 3.0 Maces & Flails
 - Level 1.7 Throwing
 + Level 1.5 Armour
 + Level 3.0 Dodging
 * Level 12.9 Unarmed Combat
 + Level 7.7 Invocations
 + Level 5.0 Evocations


You had 9 spell levels left.
You knew the following spells:

 Your Spells              Type           Power      Damage    Failure   Level
a - Sandblast             Erth           0%         2d4       56%         1

Your spell library contained the following spells:

 Spells                   Type           Power      Damage    Failure   Level
 Freeze                   Ice            0%         1d3       56%         1
 Passwall                 Tmut/Erth      0%         N/A       71%         2
 Frozen Ramparts          Ice            0%         1d2       91%         3
 Inner Flame              Hex/Fire       0%         N/A       91%         3
 Stone Arrow              Conj/Erth      0%         3d7       91%         3
 Cause Fear               Hex            0%         N/A       100%        4
 Hailstorm                Conj/Ice       0%         3d3       100%        4
 Borgnjor's Revivificati  Necr           0%         N/A       100%        8
 Discord                  Hex            0%         N/A       100%        8
 Necromutation            Tmut/Necr      0%         N/A       100%        8
 Death's Door             Necr           0%         N/A       100%        9


Dungeon Overview and Level Annotations

Branches:
Dungeon (11/15)            Temple (0/1) D:6            Lair (1/6) D:9
Ossuary (visited)
    Orc: D:9-12

Altars:
Cheibriados
Hepliaklqana
Okawaru
Qazlal
Xom
The Shining One

Shops:
D:6 [   D:8 (:!*


Innate Abilities, Weirdness & Mutations

You are too large for most types of armour.
You have claws for hands.
Your natural rate of healing is unusually fast.
You are covered in fur. (AC +1)
You have tough skin. (AC +1)


Message History

The ten-headed hydra closely misses you.
The ten-headed hydra bites you.
The ten-headed hydra completely misses you.
The ten-headed hydra bites you!
* * * LOW HITPOINT WARNING * * *
The ten-headed hydra bites you but does no damage.
The ten-headed hydra bites you!
* * * LOW HITPOINT WARNING * * *
The ten-headed hydra bites you but does no damage.
The ten-headed hydra barely misses you.
The blink frog blinks!
The blink frog hits you.
* * * LOW HITPOINT WARNING * * *
The blink frog blinks!
The blink frog barely misses you. The blink frog hits you!
* * * LOW HITPOINT WARNING * * *
Okay, then.
Okay, then.
You don't have enough magic at the moment.
Casting: Sandblast (safe; 56% risk of failure)
Confirm with . or Enter, or press ? or * to list all spells.
Okay, then.
Aiming: Iceblast
Press: ? - help, Shift-Dir - straight line, f/p - ten-headed hydra
Aim: a ten-headed hydra (severely wounded, covered in acid, haloed)
Okay, then.
Really quaff the potion of lignification?
Okay, then.
Okay, then.
You feel much better. The blink frog hits you.
* * * LOW HITPOINT WARNING * * *
The ten-headed hydra bites you.
* * * LOW HITPOINT WARNING * * *
The ten-headed hydra bites you!
* * * LOW HITPOINT WARNING * * *
The ten-headed hydra bites you.
* * * LOW HITPOINT WARNING * * *
The ten-headed hydra barely misses you. The ten-headed hydra bites you.
* * * LOW HITPOINT WARNING * * *
The ten-headed hydra bites you!
You die...

#.......###...#...A...#...
#.........#...###)D†.#..#
#...F.....#.............#
............####....#....##
............#.####..##......
.......[.....F...................
...............§............##.#.
...............FD...........##<##
................@###.##...#.##.##
...................####..#......[
.................^.####..#......!
......................#. #......?
......................#..#.......
.........................#......÷
...................##............
...###.#...........##............
......)............#..#P.........


You could see a ten-headed hydra (corroded) and 3 blink frogs.

Vanquished Creatures
  A two-headed ogre (D:8)
  A cane toad (Lair:1)
  Joseph (D:7)
  Maggie (D:7)
  A komodo dragon (D:5)
  Prince Ribbit (D:5)
  A wyvern (D:9)
  Eustachio (D:6)
  5 yaks (D:9)
  A steam dragon (D:7)
  A vampire mosquito (Lair:1)
  An acid dragon (D:8)
  3 water moccasins
  3 orc warriors
  3 sky beasts
  2 necrophages
  2 ice beasts (D:6)
  3 black bears
  6 wolves (Lair:1)
  7 centaurs
  A phantom (D:4)
  An ogre (D:5)
  A kobold brigand (D:9)
  8 bullfrogs
  A wyvern zombie (D:8)
  4 scorpions
  A water moccasin skeleton (D:6)
  6 killer bees
  4 wights (D:7)
  An electric eel (Lair:1)
  4 centaur zombies
  2 hounds (D:5)
  2 centaur skeletons (D:6)
  3 scorpion zombies (D:5)
  5 iguanas
  8 orc wizards
  2 killer bee zombies
  A mummy (Ossuary)
  2 howler monkey skeletons
  6 adders
  4 shadow imps
  A white imp (D:7)
  An ufetubus (D:5)
  4 worms
  6 dart slugs
  17 orcs
  3 spectral bats (Ossuary)
  4 bats
  8 endoplasms
  2 giant cockroaches
  16 goblins
  6 hobgoblins
  3 jackals (D:1)
  7 quokkas
  10 ball pythons
  A bat simulacrum (Ossuary)
  2 frilled lizards
  12 gnoll zombies (Ossuary)
  3 goblin simulacra (Ossuary)
  7 goblin zombies (Ossuary)
  5 hobgoblin zombies (Ossuary)
  12 kobolds
  3 kobold zombies (Ossuary)
  3 orc zombies (Ossuary)
  A quokka skeleton (D:4)
  5 rats
  3 rat simulacra (Ossuary)
  5 spectral goblins (Ossuary)
  2 spectral kobolds (Ossuary)
  2 spectral rats (Ossuary)
266 creatures vanquished.

Vanquished Creatures (collateral kills)
  A hydra (Lair:1)
  A water moccasin (Lair:1)
2 creatures vanquished.

Vanquished Creatures (others)
  2 scorpions (D:6)
  3 fungi
  8 plants
13 creatures vanquished.

Grand Total: 281 creatures vanquished

Notes
Turn   | Place    | Note
-------+----------+-------------------------------------------
     0 | D:1      | mcbry74 the Troll Gladiator began the quest for the Orb.
     0 | D:1      | Reached XP level 1. HP: 19/19 MP: 0/0
    67 | D:1      | Reached XP level 2. HP: 21/27 MP: 1/1
   163 | D:1      | Found a faded altar of an unknown god.
   181 | D:1      | Reached skill level 4 in Unarmed Combat
   268 | D:1      | Reached XP level 3. HP: 33/33 MP: 2/2
  1310 | D:2      | Reached XP level 4. HP: 41/41 MP: 3/3
  1347 | D:2      | Found a glowing golden altar of the Shining One.
  1353 | D:2      | Became a worshipper of the Shining One
  1418 | D:3      | Reached skill level 5 in Unarmed Combat
  1573 | D:3      | Learned a level 1 spell: Sandblast
  1887 | D:4      | Found a sand-covered staircase.
  1895 | Ossuary  | Entered an ossuary
  1907 | Ossuary  | Reached * piety under the Shining One
  1973 | Ossuary  | Reached ** piety under the Shining One
  2063 | Ossuary  | Reached *** piety under the Shining One
  2075 | Ossuary  | Reached XP level 5. HP: 48/48 MP: 4/4
  2141 | Ossuary  | Reached **** piety under the Shining One
  2334 | D:4      | Found an iron altar of Okawaru.
  2360 | D:4      | Reached skill level 6 in Unarmed Combat
  2363 | D:4      | Reached skill level 1 in Invocations
  2461 | D:4      | Noticed a black bear
  2468 | D:4      | Killed a black bear
  2469 | D:4      | Reached XP level 6. HP: 50/55 MP: 6/6
  2898 | D:4      | Reached skill level 7 in Unarmed Combat
  3072 | D:5      | Entered Level 5 of the Dungeon
  3077 | D:5      | Reached XP level 7. HP: 57/62 MP: 8/8
  3252 | D:5      | Noticed a komodo dragon
  3372 | D:5      | Reached skill level 8 in Unarmed Combat
  3722 | D:5      | Killed a komodo dragon
  3723 | D:5      | Reached XP level 8. HP: 70/70 MP: 6/10
  3817 | D:5      | Found a stormy altar of Qazlal.
  4007 | D:5      | Found a snail-covered altar of Cheibriados.
  4205 | D:6      | Reached skill level 9 in Unarmed Combat
  4213 | D:6      | Reached skill level 1 in Evocations
  4273 | D:6      | Reached skill level 5 in Invocations
  4375 | D:6      | Noticed Eustachio
  4378 | D:6      | Noticed Prince Ribbit
  4440 | D:5      | Killed Prince Ribbit
  4459 | D:6      | Killed Eustachio
  4460 | D:6      | Reached skill level 10 in Unarmed Combat
  4460 | D:6      | Reached XP level 9. HP: 65/76 MP: 12/12
  4549 | D:6      | Found Biegowk's Antique Armour Shoppe.
  4557 | D:6      | Bought a masterwork hat for 270 gold pieces
  4557 | D:6      | Identified the +2 hat of Courage {+Inv rN+ Stlth+} (You
                  | bought it in a shop on level 6 of the Dungeon)
  4710 | D:6      | Reached ***** piety under the Shining One
  4737 | D:6      | Found a shimmering altar of Xom.
  4853 | D:6      | Found a staircase to the Ecumenical Temple.
  5183 | D:7      | Noticed Joseph
  5209 | D:7      | Killed Joseph
  5210 | D:7      | Reached skill level 11 in Unarmed Combat
  5716 | D:7      | Noticed Maggie
  5725 | D:7      | Killed Maggie
  5817 | D:7      | Reached XP level 10. HP: 85/85 MP: 14/14
  5982 | D:8      | Found Tuckauco's General Store.
  6067 | D:8      | Noticed a two-headed ogre
  6074 | D:8      | Killed a two-headed ogre
  6126 | D:8      | Found Uhonn's Weapon Shop.
  6174 | D:8      | Identified the +5 whip "Giantslayer" {vorpal, rPois SInv}
  6178 | D:8      | Found Bamoicex's Book Shop.
  6249 | D:8      | Reached skill level 12 in Unarmed Combat
  6353 | D:8      | Found Xiupnuor's Distillery.
  6360 | D:8      | Bought a potion of might for 52 gold pieces
  6360 | D:8      | Bought a potion of haste for 130 gold pieces
  6360 | D:8      | Bought a potion of lignification for 39 gold pieces
  6658 | D:8      | Reached skill level 1 in Maces & Flails
  7080 | D:9      | You fall into a shaft and drop 2 floors!
  7090 | D:11     | Noticed a boulder beetle
  7099 | D:10     | Entered Level 10 of the Dungeon
  7459 | D:9      | Found a staircase to the Lair.
  7511 | D:9      | Found a hazy altar of Hepliaklqana.
  7511 | D:9      | Noticed a manticore
  7511 | D:9      | Noticed a five-headed hydra
  7574 | Lair:1   | Entered Level 1 of the Lair of Beasts
  7646 | Lair:1   | Noticed an eight-headed hydra
  7723 | Lair:1   | Reached skill level 1 in Armour
  7738 | Lair:1   | Reached XP level 11. HP: 83/93 MP: 10/15
  7893 | Lair:1   | Identified the +4 falchion of No Interval {vorpal, Contam
                  | rElec rN+++ rCorr}
  8084 | Lair:1   | Noticed an eight-headed hydra
  8090 | Lair:1   | Killed a ten-headed hydra
  8091 | Lair:1   | Reached skill level 5 in Evocations
  8116 | Lair:1   | HP: 3/94 [blink frog (7)]
  8117 | Lair:1   | Slain by a ten-headed hydra

Illustrated notes

Levels and vault maps discovered:
D:1:      dpeg_arrival_simpleton_a, layout_loops_cross,
          hellmonk_ecumenical_altar_lost_god, grunt_decor_junction,
          grunt_decor_cap, minmay_vboxes
D:2:      layout_basic, basic_altar
D:3:      layout_rooms, kennysheep_cluttered_room
D:4:      layout_basic, mainiacjoe_overflow_catwalk, chequers_ossuary_entry_cave
D:5:      layout_basic, mainiacjoe_overflow_brackets, kennysheep_mini_moat
D:6:      layout_gridville, xom_confusion_cloud, minmay_temple_entry_hall,
          serial_shops, nicolae_shop_temple_entry_statues_fountains,
          minivault_25, uniq_eustachio, uniq_prince_ribbit1
D:7:      layout_basic, uniq_maggie, uniq_joseph
D:8:      layout_gridville, serial_shops, nicolae_shop_statue_plus, shop,
          kennysheep_mini, shop_fountains
D:9:      layout_gridville, grunt_lair_entry_orc_guard_hut, nrook_loot_triangle,
          minmay_ruined_shrine
D:10:     layout_rooms, orc_0_dummy
D:11:     layout_cave_pools, dk_noncrumbling_2, kennysheep_nondescript
Lair:1:   layout_gridlike, grunt_megastairs_5, serial_bayou_shore_b

Skill      XL: |  1  2  3  4  5  6  7  8  9 10 11 |
---------------+----------------------------------+-----
Unarmed Combat | 4 5 6 7 8 10 11 12 | 12.9
Invocations    | 2 3 4 5 6 7 |  7.7
Evocations     | 2 3 4 5 |  5.0
Maces & Flails | 2 3 |  3.0
Fighting       | 2 |  2.4
Armour         | 1 |  1.5
Dodging        | 3 |  3.0
Throwing       | |  1.7

Action                   |  1- 3 |  4- 6 |  7- 9 | 10-12 || total
-------------------------+-------+-------+-------+-------++-------
Melee: Unarmed           |   113 |   188 |   226 |   155 ||   682
       Punch             |     1 |     6 |     8 |     6 ||    21
       Whip              |       |       |       |    14 ||    14
Throw: Throwing net      |       |       |     2 |       ||     2
       Boomerang         |       |       |       |     1 ||     1
Invok: Divine Shield     |       |       |     2 |     3 ||     5
       Cleansing Flame   |       |       |       |     1 ||     1
       Summon Divine War |       |       |       |     1 ||     1
Evoke: Wand              |       |       |       |    13 ||    13
  Use: Scroll            |       |       |    10 |     6 ||    16
       Potion            |       |       |       |     2 ||     2
 Stab: Sleeping          |     1 |       |       |       ||     1
Armor: Robe              |    29 |    46 |    53 |       ||   128
       Steam dragon scal |       |       |     1 |    10 ||    11
       Acid dragon scale |       |       |       |    74 ||    74
Dodge: Dodged            |    46 |    75 |    97 |   103 ||   321
Block: Other             |       |       |       |     9 ||     9

Table legend: (Time is in decaauts)
 A = Elapsed time spent in this place.
 B = Non-inter-level travel time spent in this place.
 C = Inter-level travel time spent in this place.
 D = Time resting spent in this place.
 E = Time spent auto-exploring this place.
 F = Levels seen in this place.
 G = Mean time per level.
                   A        B        C        D        E       F      G
               +--------+--------+--------+--------+--------+-----+--------+
         Total |   8016 |   7658 |    358 |    417 |   5209 |  13 |  616.6 |
       Dungeon |   7124 |   6766 |    358 |    337 |   4730 |  11 |  647.6 |
          Lair |    532 |    532 |      0 |     80 |    298 |   1 |  532.0 |
       Ossuary |    358 |    358 |      0 |      0 |    181 |   1 |  358.0 |
               +--------+--------+--------+--------+--------+-----+--------+

Top non-repeatable levels by time:
     D:4: 984 daAuts
     D:8: 926 daAuts
     D:7: 912 daAuts
     D:6: 883 daAuts
     D:5: 874 daAuts
     D:1: 738 daAuts
     D:2: 652 daAuts
  Lair:1: 532 daAuts
     D:9: 532 daAuts
     D:3: 482 daAuts
 Ossuary: 358 daAuts
    D:10: 119 daAuts
    D:11: 18 daAuts
